Map: Pylon LE

Players

HeroMarine - Winner!

  • Race: Terran Terran
  • Spawn Location: 5:00

sebesdes

  • Race: Protoss Protoss
  • League: Master
  • Spawn Location: 11:00

Event: HomeStory Cup XXVII

VOD

Have the link to the VOD?

Description

Time

  • Played on: June 28, 2025, 11:35 a.m.
  • Length: 19:30

All games in this series

Show
View Real Time Build Order
Export as new Build Order

HeroMarine Terran - Winner!

Build Orders: Cyclone Opening 

Get SALT Encoding   

  12  0:00  SCV  
  13  0:12  SCV  
  14  0:16  Supply Depot  
  14  0:24  SCV  
  15  0:38  SCV  
  15  0:40  Barracks  
  16  0:42  Refinery  
  16  0:50  SCV  
  17  1:02  SCV  
  18  1:14  SCV  
  19  1:27  Orbital Command  
  20  1:35  Command Center  
  20  1:38  Marine  
  20  1:49  Factory  
  20  1:53  SCV  
  21  2:00  Refinery  
  21  2:04  Barracks Tech Lab  
  21  2:05  SCV  
  22  2:09  Supply Depot  
  22  2:17  SCV  
  23  2:31  SCV  
  24  2:37  Armory  
  24  2:39  Cyclone  
  24  2:43  SCV  
  28  2:47  Barracks Reactor  
  28  2:53  Orbital Command  
  28  2:55  SCV  
  29  3:03  Starport  
  29  3:07  SCV  
  29  3:09  Orbital Command  
  29  3:11  Widow Mine  
  32  3:19  SCV  
  33  3:23  Drilling Claws, Marine x2  
  35  3:31  Supply Depot, SCV  
  35  3:33  Widow Mine  
  38  3:35  SCV  
  39  3:41  Marine x2  
  39  3:44  Medivac  
  39  3:45  SCV  
  39  3:47  SCV  
  45  3:50  Supply Depot  
  45  3:54  Widow Mine  
  47  3:57  SCV  
  47  3:59  Marine x2, SCV  
  47  4:01  Refinery  
  51  4:09  SCV  
  52  4:11  SCV  
  52  4:12  Barracks  
  52  4:14  Supply Depot  
  52  4:15  Starport Tech Lab  
  53  4:21  SCV  
  53  4:23  SCV, Siege Tank  
  58  4:29  Marine x2  
  58  4:31  Supply Depot  
  60  4:33  SCV  
  60  4:35  SCV  
  62  4:39  Raven  
  62  4:41  Supply Depot  
  64  4:45  SCV  
  64  4:46  Marine  
  64  4:47  Marine, SCV  
  68  4:58  SCV  
  68  5:00  SCV  
  68  5:01  Marine  
  68  5:02  Siege Tank  
  68  5:04  Marine x2  
  68  5:06  Barracks  
  74  5:10  SCV  
  74  5:12  Engineering Bay, SCV  
  74  5:22  Marine x2, SCV  
  74  5:24  SCV  
  74  5:26  Supply Depot  
  76  5:29  Stimpack  
  76  5:30  Marauder  
  76  5:34  Siege Tank, SCV  
  76  5:35  Starport Reactor  
  80  5:36  SCV  
  80  5:39  Refinery  
  81  5:46  SCV  
  81  5:48  SCV  
  83  5:51  Marauder  
  77  6:03  Command Center  
  70  6:05  Terran Infantry Weapons Level 1  
  70  6:07  Supply Depot  
  70  6:10  Barracks x2  
  70  6:11  Marine x2  
  68  6:12  Marauder  
  68  6:14  Marauder, Factory Reactor  
  68  6:15  Combat Shield  
  68  6:18  SCV x2  
  70  6:29  Bunker  
  70  6:30  SCV x2  
  68  6:34  Marauder  
  68  6:35  Marauder  
  69  6:42  SCV x2  
  69  6:43  Marine x2  
  72  6:54  SCV x2  
  72  6:55  Marauder  
  72  6:56  Marine  
  72  6:57  Marauder  
  72  7:01  Marine  
  78  7:02  Medivac x2  
  78  7:06  SCV x2  
  81  7:10  Marine x2  
  81  7:14  Marine  
  84  7:16  Orbital Command  
  84  7:17  Marauder, Concussive Shells  
  84  7:18  Marauder, Missile Turret  
  88  7:23  Missile Turret  
  88  7:24  Marine  
  88  7:28  Marine, Widow Mine x2  
  94  7:30  SCV x2  
  94  7:35  Medivac x2  
  100  7:38  Marauder  
  100  7:40  Marauder  
  100  7:42  Orbital Command, SCV x2  
  106  7:50  Supply Depot  
  106  7:51  Supply Depot  
  106  7:54  SCV x2  
  106  7:55  Marine x2, Barracks Tech Lab, Barracks Reactor  
  106  7:56  Widow Mine  
  106  7:58  Widow Mine  
  114  7:59  Marauder  
  116  8:06  SCV  
  116  8:07  Supply Depot  
  116  8:09  Terran Infantry Weapons Level 2  
  116  8:11  SCV  
  118  8:13  Supply Depot  
  118  8:15  SCV  
  118  8:18  SCV  
  120  8:21  Marauder, Supply Depot  
  120  8:23  SCV  
  120  8:26  Marauder x2  
  121  8:27  SCV  
  121  8:29  Marine  
  121  8:31  SCV  
  121  8:32  Marine  
  110  8:35  Marine x2  
  110  8:36  SCV  
  110  8:41  Widow Mine x2  
  112  8:43  Marauder, Medivac  
  112  8:44  Medivac  
  112  8:47  Marauder, Marine  
  117  8:48  Refinery  
  117  8:50  Refinery  
  117  8:52  Ghost Academy, Marine x2  
  117  8:55  Marine  
  120  9:00  SCV  
  120  9:01  Marine  
  122  9:04  Marauder, Marine  
  122  9:05  Command Center  
  122  9:07  Missile Turret  
  125  9:11  Marauder, Sensor Tower  
  125  9:12  Marauder, Missile Turret  
  125  9:13  Marine, Medivac  
  125  9:14  Marine  
  133  9:18  Widow Mine x2  
  133  9:19  Marine, Medivac  
  140  9:26  Supply Depot  
  140  9:28  Marauder, Marine  
  140  9:29  Supply Depot  
  143  9:31  Marine  
  143  9:32  Marauder, Marine  
  143  9:33  Marauder  
  149  9:39  Widow Mine x2  
  149  9:44  Marine  
  149  9:45  Starport  
  154  9:46  Marine  
  154  9:49  Marauder, Marine  
  154  9:52  Viking  
  154  10:13  Viking  
  155  10:14  Ghost x3, Barracks  
  155  10:15  Barracks  
  155  10:16  Barracks  
  155  10:17  Engineering Bay  
  156  10:21  SCV x2  
  156  10:22  Viking, SCV  
  159  10:33  SCV  
  159  10:34  Factory Reactor, SCV x2  
  154  10:38  Viking x2  
  152  10:43  Viking  
  152  10:44  Planetary Fortress  
  152  10:45  SCV  
  152  10:46  SCV x2  
  157  10:53  Terran Infantry Armor Level 1, Terran Infantry Weapons Level 3  
  157  10:55  Marine x2  
  157  10:56  Marine x2  
  161  10:59  Bunker, Terran Ship Weapons Level 1  
  161  11:01  Marine x2  
  163  11:05  Marine  
  163  11:06  Marine x3  
  165  11:13  Marine, SCV  
  165  11:15  Sensor Tower  
  165  11:16  Missile Turret  
  163  11:19  Marauder, SCV x2  
  163  11:20  SCV  
  163  11:25  SCV  
  165  11:31  SCV x2  
  165  11:32  SCV  
  159  11:39  SCV  
  143  11:43  SCV  
  143  11:44  Marauder, Barracks Tech Lab  
  143  11:45  Marauder x2, Barracks Tech Lab x2  
  143  11:46  SCV x2  
  150  11:47  Marine x2  
  150  11:51  SCV  
  153  12:00  Widow Mine x2  
  155  12:03  Marine x3  
  155  12:05  Ghost  
  155  12:06  Marauder x2  
  160  12:11  Missile Turret, Command Center  
  160  12:15  Refinery  
  160  12:16  Marauder x2, Refinery  
  160  12:17  Fusion Core  
  164  12:23  Sensor Tower  
  164  12:24  Ghost  
  164  12:26  Ghost  
  170  12:33  Missile Turret  
  170  12:34  Viking x3  
  170  12:36  Viking  
  178  12:41  Marine x4  
  186  12:48  Supply Depot  
  190  12:52  Terran Infantry Armor Level 2  
  190  12:54  Starport  
  192  13:04  Viking x3  
  192  13:05  Marauder x5  
  196  13:06  Caduceus Reactor  
  196  13:09  Viking, Terran Ship Weapons Level 2  
  196  13:10  Marauder  
  199  13:26  Command Center  
  197  13:31  Command Center  
  197  13:34  Viking  
  197  13:49  Viking x2  
  193  13:55  Planetary Fortress  
  193  14:01  Missile Turret, Sensor Tower  
  191  14:16  Widow Mine x2  
  170  14:20  Marauder x2, Marine x3  
  170  14:22  Marauder  
  170  14:23  Marauder, Marine x3  
  175  14:24  Medivac x2  
  175  14:26  Advanced Ballistics, Liberator x2  
  182  14:31  SCV x2  
  182  14:32  SCV  
  182  14:33  SCV  
  182  14:35  SCV  
  182  14:38  Marine x3  
  183  14:41  Marine x5  
  183  14:43  Marine  
  172  14:48  Ghost  
  166  14:55  Marine  
  166  14:58  Ghost  
  166  14:59  Marauder  
  169  15:01  Orbital Command  
  169  15:03  Ghost x2  
  174  15:09  Widow Mine x2  
  174  15:13  Sensor Tower  
  178  15:18  Ghost x2  
  184  15:21  Hi-Sec Auto Tracking  
  183  15:31  Missile Turret  
  183  15:35  Marauder  
  172  15:38  Marauder x2, Marine x4  
  172  15:41  Marauder  
  162  15:43  Liberator x2  
  162  15:44  Liberator x2  
  162  15:49  Unknown  
  174  15:50  Personal Cloaking  
  174  15:51  Terran Vehicle And Ship Armor Level 1  
  168  15:58  Ghost  
  168  15:59  Marauder x2  
  171  16:07  Marauder  
  171  16:08  Marauder  
  168  16:11  Planetary Fortress  
  168  16:12  SCV  
  168  16:13  SCV  
  168  16:14  SCV  
  168  16:16  SCV  
  168  16:17  SCV  
  173  16:18  SCV  
  173  16:21  Marauder  
  173  16:22  Marauder  
  173  16:23  Starport Reactor  
  173  16:24  SCV  
  173  16:25  SCV  
  180  16:26  Viking x2, SCV  
  180  16:29  SCV  
  180  16:31  Marauder x2  
  190  16:35  Marauder x2  
  193  16:43  Marauder  
  193  16:44  Marauder  
  193  16:47  Liberator x2  
  193  16:48  Widow Mine  
  193  16:52  Marauder  
  196  17:02  Marauder x2  
  196  17:03  Sensor Tower  
  200  17:09  Refinery x2  
  200  17:11  Command Center  
  200  17:19  Marauder  
  181  17:26  Medivac  
  181  17:27  Viking x2, Medivac  
  181  17:29  Marine  
  175  17:30  Viking, Ghost x4, Marine x2  
  175  17:33  Ghost  
  188  17:39  Ghost  
  188  17:43  SCV  
  192  17:47  Marine x2  
  192  17:54  Viking  
  192  17:57  SCV  
  195  17:59  Marauder x2  
  195  18:02  Marauder  
  199  18:09  SCV  
  199  18:10  Marauder x2  
  199  18:11  Marauder  
  199  18:12  Viking x2  
  197  18:15  Viking  
  197  18:16  Orbital Command  
  199  18:21  SCV  
  200  18:27  Command Center  
  200  18:36  Marauder x3, Viking x2, Medivac  
  200  18:40  SCV x2  
  200  18:41  SCV  
  200  18:52  SCV  
  199  19:09  Marauder  
  170  19:25  Sensor Tower  
  174  19:26  Missile Turret  
Show
View Real Time Build Order
Export as new Build Order

sebesdes Protoss 

Build Orders: 1 Gate Expand, Blink Stalkers 

Get SALT Encoding   

  12  0:00  Probe  
  13  0:12  Probe  
  14  0:18  Pylon  
  14  0:23  Probe  
  15  0:32  Probe  
  15  0:37  Gateway  
  15  0:40  Probe  
  16  0:45  Assimilator  
  17  0:52  Probe  
  18  1:04  Probe  
  19  1:16  Probe  
  20  1:22  Nexus  
  20  1:30  Cybernetics Core  
  20  1:34  Probe  
  21  1:40  Assimilator  
  21  1:46  Probe  
  22  1:49  Pylon  
  22  1:55  Stalker  
  22  1:58  Probe  
  23  2:07  Warp Gate  
  25  2:10  Probe  
  26  2:22  Probe  
  27  2:24  Sentry  
  29  2:31  Gateway, Probe  
  29  2:34  Probe  
  31  2:39  Probe  
  31  2:43  Twilight Council  
  32  2:46  Probe  
  32  2:49  Probe, Stalker  
  36  3:00  Blink  
  36  3:02  Probe  
  36  3:03  Gateway  
  36  3:04  Probe  
  38  3:12  Shield Battery  
  38  3:14  Probe  
  38  3:16  Probe  
  40  3:21  Stalker  
  40  3:26  Probe  
  43  3:29  Probe  
  43  3:33  Pylon  
  44  3:38  Probe  
  44  3:41  Probe  
  46  3:51  Probe  
  46  3:53  Probe  
  46  3:55  Stalker  
  50  3:58  Stalker  
  50  3:59  Pylon, Stalker  
  54  4:10  Robotics Facility  
  54  4:16  Nexus  
  54  4:22  Stalker  
  56  4:25  Stalker  
  56  4:27  Probe  
  56  4:29  Assimilator  
  56  4:31  Probe  
  60  4:35  Stalker  
  60  4:37  Assimilator  
  62  4:41  Pylon  
  62  4:52  Probe x2  
  62  4:56  Observer  
  61  5:04  Probe x2  
  61  5:05  Stalker  
  64  5:16  Probe x2  
  63  5:28  Probe x2, Stalker x2  
  63  5:31  Probe  
  70  5:40  Probe x2  
  72  5:43  Probe  
  72  5:44  Stalker  
  74  5:52  Probe x2  
  74  5:54  Stalker x2  
  74  5:56  Probe  
  74  6:01  Probe  
  74  6:02  Probe  
  71  6:04  Probe  
  71  6:07  Stalker  
  71  6:09  Probe  
  71  6:10  Probe  
  76  6:12  Gateway, Forge  
  76  6:14  Probe  
  79  6:19  Probe  
  79  6:23  Stalker x2  
  78  6:31  Stalker  
  76  6:38  Probe x2  
  75  6:41  Probe  
  75  6:42  Charge  
  77  6:47  Probe  
  77  6:50  Probe, Stalker x2  
  83  6:56  Protoss Ground Weapons Level 1  
  80  7:06  Stalker  
  80  7:07  Probe x2  
  80  7:08  Probe  
  84  7:11  Gateway  
  84  7:13  Gateway  
  84  7:14  Gateway  
  85  7:16  Gateway  
  85  7:17  Robotics Bay  
  85  7:20  Pylon  
  85  7:22  Pylon  
  85  7:23  Pylon x2  
  85  7:32  Robotics Bay  
  85  7:36  Observer  
  85  7:37  Pylon  
  85  7:38  Probe  
  87  7:46  Immortal  
  87  7:47  Zealot x4  
  87  7:48  Nexus  
  95  7:55  Extended Thermal Lance  
  97  7:59  Probe x3  
  100  8:06  Sentry  
  100  8:07  Zealot x2  
  100  8:10  Zealot x3  
  111  8:13  Probe  
  111  8:15  Shield Battery  
  111  8:17  Zealot  
  111  8:19  Probe  
  113  8:27  Zealot  
  107  8:28  Colossus  
  107  8:29  Zealot x3  
  107  8:33  Zealot x2  
  101  8:39  Probe  
  102  8:42  Protoss Ground Weapons Level 2  
  102  8:46  Zealot x2  
  102  8:48  Probe  
  107  8:53  Sentry x2  
  107  8:55  Zealot x2  
  115  8:57  Probe  
  117  9:02  Probe  
  117  9:05  Colossus  
  117  9:06  Zealot x2  
  117  9:09  Probe  
  122  9:11  Zealot  
  122  9:12  Probe  
  122  9:16  Forge  
  125  9:23  Probe  
  132  9:27  Probe  
  132  9:30  Protoss Ground Armor Level 1  
  133  9:32  Stalker x2  
  133  9:34  Pylon  
  133  9:35  Probe  
  133  9:37  Robotics Facility  
  138  9:43  Zealot  
  138  9:45  Probe  
  140  9:50  Colossus  
  124  9:58  Zealot x7  
  132  10:02  Probe  
  132  10:06  Probe  
  140  10:09  Zealot  
  140  10:16  Pylon  
  140  10:20  Stalker x3  
  146  10:22  Zealot  
  140  10:39  Zealot x4  
  140  10:41  Colossus  
  150  10:43  Zealot x3  
  150  10:48  Nexus  
  156  10:53  Shield Battery  
  156  10:56  Probe  
  156  10:59  Shield Battery  
  156  11:03  Stalker  
  156  11:10  Colossus  
  156  11:19  Protoss Ground Armor Level 2  
  156  11:22  Zealot  
  154  11:25  Pylon  
  154  11:31  Pylon  
  142  11:33  Pylon  
  142  11:37  Colossus  
  120  11:45  Zealot x2  
  120  11:46  Zealot x6  
  126  11:50  Colossus  
  121  11:55  Probe  
  121  11:56  Protoss Ground Weapons Level 3  
  114  12:08  Sentry, Zealot x4  
  114  12:09  Zealot x3  
  114  12:10  Probe x2  
  114  12:12  Gateway  
  114  12:15  Gateway, Probe x2  
  134  12:17  Gateway  
  134  12:21  Colossus  
  134  12:26  Gateway  
  134  12:30  Zealot x5  
  134  12:31  Zealot  
  134  12:33  Immortal  
  152  12:39  Zealot  
  152  12:40  Zealot  
  156  12:49  Pylon  
  160  12:52  Nexus  
  160  12:54  Probe  
  160  12:56  Templar Archives  
  160  12:58  Probe, Assimilator  
  162  13:00  Assimilator, Photon Cannon  
  162  13:06  Probe  
  162  13:08  Zealot x4  
  162  13:11  Psionic Storm  
  171  13:13  Zealot x3  
  171  13:15  Warp Prism  
  175  13:20  Observer  
  174  13:32  Protoss Ground Armor Level 3  
  174  13:34  High Templar  
  174  13:39  Zealot x8  
  190  13:53  Zealot x3  
  194  14:09  Zealot x8  
  156  14:20  Zealot  
  156  14:21  Stalker x3  
  134  14:32  Stalker x2  
  134  14:33  Zealot x6  
  134  14:35  Probe x2  
  144  14:43  Zealot  
  144  14:45  Colossus, Zealot x3  
  118  14:54  High Templar, Zealot x5  
  118  14:55  Colossus  
  138  15:02  Pylon, Stalker x2  
  138  15:05  Zealot x4  
  150  15:15  High Templar  
  150  15:19  Zealot x4  
  158  15:29  High Templar  
  158  15:31  Colossus  
  144  15:37  Zealot x6  
  148  15:45  Zealot x2  
  148  15:46  Zealot x2  
  148  15:49  Colossus  
  156  15:54  High Templar  
  134  16:04  Zealot x5  
  134  16:09  Stalker x2, Zealot x4  
  142  16:22  Colossus  
  142  16:25  Zealot x5  
  155  16:39  Zealot x5  
  147  16:42  Colossus  
  147  16:44  Probe x2, Stalker x2  
  150  16:49  Stalker x3  
  150  16:54  Zealot x2  
  160  16:56  Probe  
  153  17:05  Zealot x4  
  137  17:33  Observer  
  134  17:38  High Templar  
  129  17:51  Nexus  
  129  17:55  Zealot x9  
  136  18:14  Stalker  
  136  18:27  Zealot x2  
  136  18:48  Pylon  
  136  18:50  Pylon  
  136  19:02  Observer, Pylon  
  136  19:08  Stalker x4  
  141  19:23  Zealot x4  
Tags
 
Add a new tag
Caveats
  • Supply blocks, unpowered buildings, or Contaminate may cause inaccurate times.
  • Supply counts are checked every 10 seconds.